 Dungeon Crawl Stone Soup version 0.27-a0-1154-gfdeffcb720 (webtiles) character file.

Game seed: 11566165804334322390

72 Whiskey the Ducker (level 4, 0/33 HPs)
             Began as a Djinni Earth Elementalist on May 14, 2021.
             Slain by a hound (4 damage)
             ... on level 2 of the Dungeon.
             The game lasted 00:04:48 (2956 turns).

Whiskey the Ducker (Djinni Earth Elementalist)      Turns: 2956, Time: 00:04:49

Health: 0/33       AC:  5    Str:  8    XL:     4   Next: 50%
Gold:   35         EV: 10    Int: 16    God:
                   SH:  0    Dex: 14

rFire    + + .     SeeInvis .   d - +0 mace
rCold    x . .     Faith    .   (no shield)
rNeg     + . .     Spirit   .   g - +0 ring mail
rPois    ∞         Reflect  .   (no helmet)
rElec    .         Harm     .   (no cloak)
rCorr    .         Rampage  .   (no gloves)
Will     .....                  (boots unavailable)
Stlth    +.........             (no amulet)
HPRegen  0.11/turn              i - ring of positive energy {rN+}
MPRegen  0.00/turn              (no ring)

@: flying, very slightly contaminated
A: sickness immunity, fire resistance 2, cold vulnerability 1, float, innate
caster, hp casting, extra vitality 1
a: no special abilities


You were on level 2 of the Dungeon.
You visited 1 branch of the dungeon, and saw 2 of its levels.

You collected 35 gold pieces.

Inventory:

Hand Weapons
 d - a +0 mace (weapon)
   (You found it on level 1 of the Dungeon)
Missiles
 b - 60 stones (quivered)
Armour
 c - a +0 robe
 g - a +0 ring mail (worn)
   (You found it on level 1 of the Dungeon)
Jewellery
 i - a ring of positive energy (left hand) {rN+}
   (You found it on level 2 of the Dungeon)
Scrolls
 a - 2 scrolls of identify {unknown}
 h - 2 scrolls of immolation {!r}
Potions
 e - 2 potions of curing {unknown}
 f - a potion of degeneration {unknown}


   Skills:
 + Level 2.1 Fighting
 + Level 0.8 Armour
 - Level 3.0 Dodging
 + Level 2.5 Stealth
 - Level 2.4 Spellcasting


You couldn't memorise any spells.
You knew the following spells:

 Your Spells              Type           Power      Damage    Failure   Level
a - Sandblast             Erth           18%        2d7       22%         1
b - Sting                 Tmut/Pois      36%        1d4       22%         1
c - Petrify               Tmut/Erth      9%         N/A       92%         4
w - Passwall              Tmut/Erth      7%         N/A       34%         2
x - Stone Arrow           Conj/Erth      18%        3d8       56%         3
z - Lee's Rapid Deconstr  Erth           4%         3d6*      99%         5
Your spell library was empty.

Dungeon Overview and Level Annotations

Branches:
Dungeon (2/15)

Altars:


Innate Abilities, Weirdness & Mutations

You are immune to sickness and miasma.
You are immune to poison.
Your flesh is very heat resistant. (rF++)
You are vulnerable to cold. (rC-)
You float through the air rather than walking.
You learn spells naturally, not from books.
Your magical power is your life essence.
You have superior vitality. (+4 HP)


Message History

The blast of sand hits the adder.
b - 69 stones The adder bites you.
You take 2 damage, and have 30/33 hp.
Aim: an adder (moderately wounded, 63% to hit)
The blast of sand hits the adder!
You kill the adder!
b - 68 stones Your Fighting skill increases to level 2!
You take 1 damage, and have 29/33 hp.
You see here an adder corpse.
You see here a +0 hunting sling.
A kobold comes into view. It is wielding a +0 dagger.
Health restored: 33 The helpless kobold fails to defend itself.
You hit the kobold.
You kill the kobold!
No target in view!
No target in view!
No target in view!
No target in view!
No target in view!
No target in view!
No target in view!
No target in view!
No target in view!
No target in view!
No target in view!
No target in view!
No target in view!
No target in view!
No target in view!
No target in view!
You see here a +0 dagger.
An adder, a hound and a worm come into view.
Aim: an adder (asleep, 100% to hit)
The blast of sand hits the adder.
b - 67 stones The hound barks!
An endoplasm comes into view.
You take 1 damage, and have 32/33 hp.
Aim: an adder (moderately wounded, 63% to hit)
The blast of sand hits the adder.
b - 66 stones The adder bites you but does no damage.
You take 1 damage, and have 31/33 hp.
Aim: an adder (almost dead, 63% to hit)
You miscast Sandblast.
You are very lightly contaminated with residual magic.
Nothing appears to happen.
The adder bites you.
You take 5 damage, and have 26/33 hp.
Aim: an adder (almost dead, 63% to hit)
The blast of sand hits the adder!
You kill the adder!
b - 65 stones The hound bites you.
You take 2 damage, and have 24/33 hp.
Aim: a hound (69% to hit)
The blast of sand hits the hound.
b - 64 stones The hound bites you but does no damage.
You take 1 damage, and have 23/33 hp.
Aim: a hound (lightly wounded, 69% to hit)
The blast of sand hits the hound.
b - 63 stones The hound closely misses you.
The hound bites you.
You take 6 damage, and have 17/33 hp.
Aim: a hound (moderately wounded, 69% to hit)
You miscast Sandblast.
Nothing appears to happen.
The hound bites you.
You take 2 damage, and have 15/33 hp.
Aim: a hound (moderately wounded, 69% to hit)
The blast of sand hits the hound.
b - 62 stones The hound barely misses you.
The hound bites you but does no damage.
You take 1 damage, and have 14/33 hp.
A ball python skeleton comes into view.
You see here a +0 dagger.
The hound closely misses you. The hound bites you.
You take 1 damage, and have 13/33 hp.
The hound bites you.
You take 2 damage, and have 11/33 hp.
Aim: a hound (heavily wounded, 69% to hit)
You miscast Sandblast.
Nothing appears to happen.
The hound bites you but does no damage.
You take 1 damage, and have 10/33 hp.
Aim: a hound (heavily wounded, 69% to hit)
The blast of sand misses the hound.
The blast of sand hits the worm.
b - 61 stones
* * * LOW HITPOINT WARNING * * *
The hound bites you.
* * * LOW HITPOINT WARNING * * *
The hound barely misses you.
You take 5 damage, and have 5/33 hp.
Aim: a hound (heavily wounded, 69% to hit)
The blast of sand hits the hound.
b - 60 stones
* * * LOW HITPOINT WARNING * * *
The hound bites you.
You die...

.##### #.# #..........
.# #.# ########<.. .#
#.# ##... .# #.######
##########.... .#
#.##...#
#.[.......#... .#
#####.#.#
#.########.... .#
#.J.w.#w# #.# ##... .#
#.....#..#h# #.# #...
.# #..###.#..#@# #.#
##.# .### . ..#.##.#
#.# #.# ...# ..##.##.#
#.##########.# .###
... .Z##.#
#............# .# ...#
.###.# ###########..#
.# ...# .###.#######
#..# .. #.........#
#..# #.
#####.#####.#######..#
.# #.....#
#..........#


You could see a worm and a hound.

Vanquished Creatures
  3 adders (D:2)
  A dart slug (D:1)
  4 endoplasms (D:1)
  A giant cockroach (D:1)
  5 goblins
  6 hobgoblins
  5 jackals (D:1)
  3 kobolds
  4 quokkas (D:1)
  A ball python (D:2)
  4 rats
37 creatures vanquished.

Notes
Turn   | Place    | Note
-------+----------+-------------------------------------------
     0 | D:1      | Whiskey the Djinni Earth Elementalist began the quest for
                  | the Orb.
     0 | D:1      | Reached XP level 1. HP: 15/15 MP: 0/0
   402 | D:1      | Reached XP level 2. HP: 22/22 MP: 0/0
   472 | D:1      | Reached skill level 1 in Fighting
   472 | D:1      | Reached skill level 2 in Stealth
  1076 | D:1      | Reached XP level 3. HP: 23/27 MP: 0/0
  1076 | D:1      | Learned a level 1 spell: Sting
  2463 | D:2      | Reached skill level 3 in Dodging
  2463 | D:2      | Reached XP level 4. HP: 30/33 MP: 0/0
  2685 | D:2      | Found a faded altar of an unknown god.
  2806 | D:2      | Reached skill level 2 in Fighting
  2955 | D:2      | HP: 5/33 [hound (4)]
  2956 | D:2      | Slain by a hound

Illustrated notes

Levels and vault maps discovered:
D:1:      wander_arrival_lonely_grave, layout_basic
D:2:      minmay_evil_eye, layout_loops_ring, hellmonk_ecumenical_altar_blasted

Skill      XL: |  1  2  3  4 |
---------------+-------------+-----
Fighting       | 1 2 |  2.1
Stealth        | 2 |  2.5
Dodging        | 3 |  3.0
Armour         | |  0.8
Spellcasting   | |  2.4

Action                   |  1- 3 |  4- 6 || total
-------------------------+-------+-------++-------
Melee: Mace              |    92 |    15 ||   107
 Cast: Sandblast         |    12 |    10 ||    22
 Stab: Sleeping          |     8 |     1 ||     9
Armor: Robe              |    16 |       ||    16
       Ring mail         |     9 |     8 ||    17
Dodge: Dodged            |    76 |    12 ||    88

Table legend: (Time is in decaauts)
 A = Elapsed time spent in this place.
 B = Non-inter-level travel time spent in this place.
 C = Inter-level travel time spent in this place.
 D = Time resting spent in this place.
 E = Time spent auto-exploring this place.
 F = Levels seen in this place.
 G = Mean time per level.
                   A        B        C        D        E       F      G
               +--------+--------+--------+--------+--------+-----+--------+
         Total |   2997 |   2921 |     76 |    486 |   2106 |   2 | 1498.5 |
       Dungeon |   2997 |   2921 |     76 |    486 |   2106 |   2 | 1498.5 |
               +--------+--------+--------+--------+--------+-----+--------+

Top non-repeatable levels by time:
     D:1: 2171 daAuts
     D:2: 825 daAuts

Table legend:
 A = Kills in this place as a percentage of kills in entire the game.
 B = Kills by you in this place as a percentage of kills by you in the entire game.
 C = Kills by friends in this place as a percentage of kills by friends in the entire game.
 D = Other kills in this place as a percentage of other kills in the entire game.
 E = Experience gained in this place as a percentage of experience gained in the entire game.
 F = Experience gained in this place divided by the number of levels of this place that you have seen.
                   A       B       C       D       E      F
               +-------+-------+-------+-------+-------+----------------------
         Total | 100.0 | 100.0 |   N/A |   N/A | 100.0 |  52.0
       Dungeon | 100.0 | 100.0 |   N/A |   N/A | 100.0 |  52.0
               +-------+-------+-------+-------+-------+----------------------
